 Dungeon Crawl Stone Soup version 0.28-a0-612-gcfc00ec14d (webtiles) character file.

Game seed: 12137003844366951729

6 sleeves the Shield-Bearer (level 1, 0/16 HPs)
             Began as an Octopode Fighter on Oct 5, 2021.
             Slain by a goblin (4 damage)
             ... on level 1 of the Dungeon.
             The game lasted 00:00:16 (228 turns).

sleeves the Shield-Bearer (Octopode Fighter)         Turns: 228, Time: 00:00:16

Health: 0/16       AC:  1    Str: 15    XL:     1   Next: 90%
Magic:  1/1        EV: 13    Int: 10    God:
Gold:   29         SH:  4    Dex: 11    Spells: 0/0 levels left

rFire   . . .      SeeInvis .   a - +0 trident
rCold   . . .      Faith    .   b - +0 buckler
rNeg    . . .      Spirit   .   (helmet restricted)
rPois   .          Reflect  .   (no amulet)
rElec   .          Harm     .   (no ring)
rCorr   .          Rampage  .   (no ring)
Will    .....                   (no ring)
Stlth   ++........              (no ring)
HPRegen 0.05/turn               (no ring)
MPRegen 0.07/turn               (no ring)
                                (no ring)
                                (no ring)

@: no status effects
A: almost no armour, amphibious, 8 rings, camouflage 1, gelatinous body 1,
(nimble swimmer 1), tentacles
a: no special abilities


You were on level 1 of the Dungeon.
You visited 1 branch of the dungeon, and saw 1 of its levels.

You collected 29 gold pieces.

Inventory:

Hand Weapons
 a - a +0 trident (weapon)
Armour
 b - a +0 buckler (worn)
Scrolls
 d - a scroll of enchant armour {unknown}
Potions
 c - a potion of might


   Skills:
 - Level 3.0 Fighting
 + Level 2.6 Polearms
 - Level 3.0 Dodging
 - Level 3.0 Shields


You couldn't memorise any spells.
You didn't know any spells.
Your spell library was empty.

Dungeon Overview and Level Annotations

Branches:
Dungeon (1/15)

Altars:


Innate Abilities, Weirdness & Mutations

You cannot wear most types of armour.
You are amphibious.
You can wear up to eight rings at the same time.
Your skin changes colour to match your surroundings (Stealth+).
Your rubbery body absorbs attacks. (AC +1, EV +1)
((You are camouflaged near water. (Stealth+)))
You have tentacles for arms and can constrict up to eight enemies at once.


Message History

Welcome, sleeves the Octopode Fighter.
Will you prevail where others failed? Will you find the Orb of Zot?
Press ? for a list of commands and other information.
Found a staircase leading out of the dungeon.
A rat comes into view.
A rat is nearby!
You reach to attack!
You closely miss the rat. The rat closely misses you.
You closely miss the rat. Your grab misses the rat. You block the rat's attack.
You hit the rat but do no damage. You grab the rat. You constrict the rat.
The rat barely misses you.
You hit the rat.
You kill the rat!
No target in view!
You see here a rat corpse.
You now have 13 gold pieces.
You see here a rat corpse.
A giant cockroach comes into view.
Found a scroll labelled CISAHU HUYGIW.
Found a stone staircase leading down.
You barely miss the giant cockroach. You grab the giant cockroach.
You constrict the giant cockroach. The giant cockroach bites you.
You block the giant cockroach's attack.
You hit the giant cockroach.
The giant cockroach is heavily wounded.
You constrict the giant cockroach. The giant cockroach bites you.
You hit the giant cockroach.
You kill the giant cockroach!
No target in view!
HP restored.
Found a ring mail.
No target in view!
No target in view!
d - a scroll labelled CISAHU HUYGIW No target in view!
There is a stone staircase leading down here.
You now have 22 gold pieces (gained 9).
There is a stone staircase leading down here.
You now have 29 gold pieces (gained 7).
A bat and a kobold come into view.
There are monsters nearby!
A quokka comes into view.
There are monsters nearby!
A rat comes into view.
Found 15 gold pieces.
You block the bat's attack.
There are monsters nearby!
You hit the bat.
You kill the bat!
The kobold shouts!
You hear a shout!
There are monsters nearby!
Found a scroll labelled ZOXKA KOAT.
A goblin comes into view. It is wielding a +0 dagger.
You see here a bat corpse.
You hit the kobold. You grab the kobold.
The kobold is severely wounded.
You constrict the kobold.
You kill the kobold!
A bat comes into view.
You miss the bat. You grab the bat. You constrict the bat. The bat hits you.
The bat struggles to escape constriction.
The bat escapes!
The quokka bites you. You block the quokka's attack.
You miss the bat. Your grab misses the bat.
The bat is moderately wounded.
You block the bat's attack. The bat hits you but does no damage.
The bat barely misses you. The quokka closely misses you.
The goblin hits you with a +0 dagger.
You closely miss the goblin. You grab the goblin. You constrict the goblin.
The bat closely misses you. The quokka bites you.
* * * LOW HITPOINT WARNING * * *
The goblin barely misses you. The quokka bites you.
* * * LOW HITPOINT WARNING * * *
You are too injured to fight recklessly!
You are too injured to fight recklessly!
You release your grip on the goblin.
The bat closely misses you. The bat closely misses you.
The bat barely misses you. The bat barely misses you.
The quokka closely misses you. The bat hits you but does no damage.
The bat hits you.
* * * LOW HITPOINT WARNING * * *
The bat hits you but does no damage.
You closely miss the quokka. Your grab misses the quokka.
You squeeze the quokka.
You kill the quokka!
You puncture the rat!
You kill the rat!
You barely miss the goblin. You grab the goblin.
The goblin is heavily wounded.
You constrict the goblin. The goblin hits you but does no damage.
The goblin hits you with a +0 dagger.
You die...

#†.....# #......#
#......######
##..........#
#..........#
#..........#
#.[..g#########
##...r#.......#
#....#@......###
#....g.........
#............##########
##+#.........#.........
#...................###
#...................#
#...................#
####.....######........#
.......>.# #.......##


You could see a goblin.

Vanquished Creatures
  A bat (D:1)
  A giant cockroach (D:1)
  A quokka (D:1)
  A kobold (D:1)
  2 rats (D:1)
6 creatures vanquished.

Notes
Turn   | Place    | Note
-------+----------+-------------------------------------------
     0 | D:1      | sleeves the Octopode Fighter began the quest for the Orb.
     0 | D:1      | Reached XP level 1. HP: 16/16 MP: 1/1
   215 | D:1      | HP: 8/16 [quokka (3)]
   223 | D:1      | HP: 4/16 [bat (1)]
   228 | D:1      | Slain by a goblin

Illustrated notes

Levels and vault maps discovered:
D:1:      wander_arrival_peaceful_grave, layout_basic, serial_bayou_crossing

Action                   || total
-------------------------++-------
Melee: Trident           ||    15
       Constrict         ||     6
       Tentacles         ||     1
Armor: Skin              ||     4
Dodge: Dodged            ||    11
Block: Buckler           ||     5

Table legend: (Time is in decaauts)
 A = Elapsed time spent in this place.
 B = Non-inter-level travel time spent in this place.
 C = Inter-level travel time spent in this place.
 D = Time resting spent in this place.
 E = Time spent auto-exploring this place.
 F = Levels seen in this place.
 G = Mean time per level.
                   A        B        C        D        E       F      G
               +--------+--------+--------+--------+--------+-----+--------+
         Total |    231 |    231 |      0 |      0 |    190 |   1 |  231.0 |
       Dungeon |    231 |    231 |      0 |      0 |    190 |   1 |  231.0 |
               +--------+--------+--------+--------+--------+-----+--------+

Top non-repeatable levels by time:
     D:1: 231 daAuts
